 Dungeon Crawl Stone Soup version 0.19-a0-1907-gcff654f (webtiles) character file.

43423 Amnesiac the Brawler (level 13, -21/196 HPs)
             Began as a Troll Monk on Oct 21, 2016.
             Was a High Priest of Dithmenos.
             Killed from afar by a thorn hunter (31 damage)
             ... with a volley of thorns
             ... on level 2 of the Swamp.
             The game lasted 00:31:02 (11481 turns).

Amnesiac the Brawler (Troll Monk)                  Turns: 11481, Time: 00:31:03

Health: -21/196    AC: 26    Str: 20    XL:     13   Next: 90%
Magic:  17/17      EV:  1    Int:  6    God:    Dithmenos [*****.]
Gold:   1238       SH:  0    Dex: 16    Spells: 1 memorised, 10 levels left

rFire  + . .     SeeInvis .       - Unarmed
rCold  . . .     Gourm    +     (armour currently unavailable)
rNeg   + + +     Faith    .     (no shield)
rPois  +         Spirit   .     (helmet currently unavailable)
rElec  .         Reflect  .     (cloak currently unavailable)
rCorr  +         Harm     .     (gloves unavailable)
MR     .....     Clarity  +     (boots unavailable)
Stlth  +++....... NoTele   +    (no amulet)
                                i - ring of resist corrosion
                                P - ring of protection from fire

@: tree-form, wreathed by umbra
A: unfitting armour, (claws 0), clarity, fast metabolism 3, gourmand,
regeneration 1, (shaggy fur 0), (tough skin 0), weak 1, subdued magic 1
a: Shadow Step, Shadow Form, Renounce Religion


You were on level 2 of the Swamp.
You worshipped Dithmenos.
Dithmenos was extremely pleased with you.
You were very full.
You were a tree.
You visited 3 branches of the dungeon, and saw 19 of its levels.
You also visited: Bailey and Ice Cave.

You collected 1391 gold pieces.
You spent 153 gold pieces at shops.

Inventory:

Hand Weapons
 d - the +9 heavy crossbow "Sniper" {velocity, nevermiss, SInv}
   (You found it on level 11 of the Dungeon)

   Any bolt fired from it inflicts extra damage.
   It lets you see invisible.
Missiles
 F - 3 curare-tipped needles
Armour
 y - a +2 cloak of cold resistance (melded)
 L - +1 steam dragon scales (melded)
 O - a +1 hat of intelligence (melded)
Jewellery
 i - a ring of resist corrosion (right branch)
 k - an uncursed ring of magical power
 r - an uncursed ring of wizardry
 B - an uncursed ring of protection from cold
 K - an uncursed ring of fire
 P - a ring of protection from fire (left branch)
 T - the amulet of Hukkes {Gourm rPois Int+9 Dex-3 SInv}
   (You found it on level 6 of the Lair of Beasts)

   [amulet of the gourmand]

   It allows you to eat raw meat even when not hungry.
   It affects your intelligence (+9).
   It affects your dexterity (-3).
   It protects you from poison.
   It lets you see invisible.
Wands
 A - a wand of digging (10/24)
 I - a wand of heal wounds (7/9)
 J - a wand of disintegration (2/24)
Scrolls
 a - a scroll of summoning
 h - a scroll of identify
 j - 15 scrolls of teleportation
 l - a scroll of holy word
 n - 3 scrolls of remove curse
 u - a scroll of blinking
 v - 3 scrolls of magic mapping
 M - a scroll of enchant weapon
 R - a scroll of fear
 S - a scroll of enchant armour
Potions
 e - 2 potions of lignification
 f - 4 potions of brilliance
 g - 4 potions of might
 o - a potion of heal wounds
 p - a potion of invisibility
 q - a potion of agility
 C - 2 potions of curing
 D - 4 potions of haste
 G - 2 potions of flight
 H - 3 potions of berserk rage
Books
 m - a book of Geomancy

   Spells                             Type                      Level
   a - Sandblast                      Earth                        1
   b - Passwall                       Transmutation/Earth          2
   c - Stone Arrow                    Conjuration/Earth            3
   d - Petrify                        Transmutation/Earth          4
   e - Lee's Rapid Deconstruction     Earth                        5
 t - a book of the Warp

   Spells                             Type                      Level
   a - Gell's Gravitas                Hexes/Translocation          3
   b - Portal Projectile              Translocation                3
   c - Force Lance                    Conjuration/Translocation    4
   d - Dispersal                      Translocation                6
   e - Controlled Blink               Translocation                8
   f - Disjunction                    Translocation                8
 z - a book of Maledictions

   Spells                             Type                      Level
   a - Corona                         Hexes                        1
   b - Ensorcelled Hibernation        Hexes/Ice                    2
   c - Confuse                        Hexes                        3
   d - Tukima's Dance                 Hexes                        3
   e - Dazzling Spray                 Conjuration/Hexes            3
Comestibles
 b - 10 bread rations
 c - 7 meat rations
 s - 3 chunks of flesh
 w - 4 beef jerkies
 x - 10 slices of pizza
 E - 4 fruits


   Skills:
 - Level 9.3 Fighting
 - Level 5.7 Armour
 - Level 9.2 Dodging
 + Level 1.2 Stealth
 - Level 15.9 Unarmed Combat
 - Level 7.0 Invocations
 - Level 1.0 Evocations


You had 10 spell levels left.
You knew the following spells:

 Your Spells              Type           Power        Failure   Level  Hunger
v - Passwall              Tmut/Erth      #.........   73%         2    ###....


Dungeon Overview and Level Annotations

Branches:
Dungeon (11/15)            Temple (0/1) D:7            Lair (6/6) D:11
  Swamp (2/4) Lair:4        Snake (0/4) Lair:4        Slime (0/5) Lair:6
    Orc: D:9-12

Altars:
Dithmenos
Elyvilon
Fedhas
Makhleb
Qazlal
Trog
Uskayaw
Xom
Yredelemnul
Zin

Shops:
D:6 ?

Annotations:
D:8 1 runed door


Innate Abilities, Weirdness & Mutations

You are too large for most types of armour.
((You have claws for hands.))
Your metabolism is lightning-fast.
You like to eat raw meat.
Your natural rate of healing is unusually fast.
((You are covered in fur. (AC +1)))
((You have very tough skin. (AC +2)))
You possess an exceptional clarity of mind.
You are weak. (Str -2)
Your spells are a little easier to cast, but a little less powerful.


Message History

* * * LOW HITPOINT WARNING * * *
The vampire mosquito bites you but does no damage.
The vampire mosquito bites you.
* * * LOW HITPOINT WARNING * * *
The thorn hunter hits you!
* * * LOW HITPOINT WARNING * * *
The thorn hunter hits you but does no damage.
The vampire mosquito bites you.
* * * LOW HITPOINT WARNING * * *
The vampire mosquito bites you but does no damage.
You feel better.
The vampire mosquito bites you but does no damage.
The vampire mosquito bites you.
* * * LOW HITPOINT WARNING * * *
The vampire mosquito bites you.
* * * LOW HITPOINT WARNING * * *
The vampire mosquito bites you but does no damage.
The thorn hunter fires a volley of thorns at you.
Helpless, you fail to dodge the volley of thorns.
You die...

♣♣♣♣♣♣ ♣ ♣...!≈♣ ♣
≈.≈≈.≈♣ ♣♣
♣♣♣♣.≈≈≈.♣ ♣♣♣≈
♣♣y.≈...≈.♣ ♣≈.≈
♣♣f≈....≈..≈ ♣.≈y
♣yy≈.$.....≈♣..≈..
♣♣≈≈..≈≈......≈≈♣♣
./..≈§....≈.≈≈[♣
♣.≈≈....§......≈♣
♣≈≈≈.≈≈.♣♣......♣
♣♣≈.≈≈≈.....≈≈....
.≈≈≈≈≈≈≈.≈≈..≈≈≈
≈≈


You could see a thorn hunter and 3 vampire mosquitoes.

Vanquished Creatures
  Nikola (Swamp:1)
  Gastronok (Lair:3)
  A frost giant (IceCv)
  Snorg (Lair:5)
  A hydra (Lair:3)
  A catoblepas (Lair:6)
  Erica (D:8)
  A deep troll shaman (Lair:6)
  3 death yaks (Lair:6)
  A shambling mangrove (Swamp:1)
  A lindwurm (Lair:6)
  An orc knight (Bailey)
  A hill giant (D:10)
  2 oklob plants (Lair:6)
  5 elephants (Lair:6)
  5 black mambas
  Joseph (D:9)
  2 ice statues (IceCv)
  8 spiny frogs
  3 komodo dragons
  A rime drake (Lair:6)
  5 trolls
  Grinder (D:6)
  Prince Ribbit (D:6)
  A tyrant leech (Swamp:2)
  4 blink frogs (Lair:2)
  9 slime creatures
  14 polar bears
  2 hornets
  3 hippogriffs (D:10)
  2 shadows
  A spriggan (Swamp:1)
  Sigmund (D:2)
  A wraith (D:11)
  4 wyverns
  4 hogs (D:7)
  13 yaks
  A basilisk (Lair:4)
  Eustachio (D:6)
  4 vampire mosquitoes
  A fire elemental (Lair:3)
  A human (D:7)
  3 swamp worms
  7 water moccasins
  7 porcupines
  4 black bears
  An ice beast (D:8)
  An orc warrior (D:8)
  2 phantoms
  2 sky beasts
  10 ogres
  20 wolves
  7 centaurs
  6 crocodiles
  Blork the orc (D:5)
  8 bullfrogs
  4 killer bees (D:9)
  8 wights
  4 howler monkeys
  5 crimson imps
  A lava snake (Lair:3)
  A quasit (D:9)
  A centaur zombie (D:11)
  5 hounds
  6 orc wizards
  2 bullfrog skeletons
  2 centaur skeletons
  2 iguanas
  13 worker ants
  A killer bee zombie (D:9)
  A howler monkey skeleton (D:8)
  8 gnolls
  7 adders
  A shadow imp (D:7)
  2 adder zombies
  An adder skeleton (D:6)
  2 dart slugs
  3 leopard geckos
  36 orcs
  A bat (D:1)
  3 giant cockroaches
  2 goblins
  A hobgoblin (D:1)
  16 jackals
  2 kobolds
  2 quokkas
  2 frilled lizards (D:2)
  A jackal skeleton (D:6)
  A leopard gecko zombie (D:8)
  2 quokka skeletons
  4 rats
  2 fungi (Lair:3)
  2 toadstools (D:1)
352 creatures vanquished.

Vanquished Creatures (collateral kills)
  The ghost of p0werm0de the Timeless, a journeyman DsWr of Cheibriados (Lair:2)
  2 hydras
  A polar bear (Lair:2)
  2 jackals (D:11)
6 creatures vanquished.

Vanquished Creatures (others)
  A bog body (Swamp:1)
  A shadow (Swamp:1)
  A fire vortex (Lair:3)
  5 fungi
  4 plants
12 creatures vanquished.

Grand Total: 370 creatures vanquished

Notes
Turn   | Place    | Note
-------+----------+-------------------------------------------
     0 | D:1      | Amnesiac the Troll Monk began the quest for the Orb.
     0 | D:1      | Reached XP level 1. HP: 22/22 MP: 0/0
    89 | D:2      | Reached XP level 2. HP: 29/29 MP: 1/1
   142 | D:2      | Noticed Sigmund
   154 | D:2      | Killed Sigmund
   154 | D:2      | Reached skill level 4 in Unarmed Combat
   154 | D:2      | Reached XP level 3. HP: 12/37 MP: 2/2
   154 | D:2      | Reached XP level 4. HP: 14/45 MP: 3/3
   154 | D:2      | Reached XP level 5. HP: 17/53 MP: 4/4
   420 | D:4      | Reached skill level 5 in Unarmed Combat
   508 | D:5      | Entered Level 5 of the Dungeon
   581 | D:4      | Reached XP level 6. HP: 42/61 MP: 5/5
  1043 | D:5      | Reached skill level 6 in Unarmed Combat
  1050 | D:5      | Reached XP level 7. HP: 59/68 MP: 6/6
  1209 | D:5      | Noticed Blork the orc
  1217 | D:5      | Killed Blork the orc
  1369 | D:5      | Found a stormy altar of Qazlal.
  1437 | D:5      | Found a glowing silver altar of Zin.
  1525 | D:5      | Reached skill level 7 in Unarmed Combat
  1571 | D:5      | Reached XP level 8. HP: 40/79 MP: 7/7
  1578 | D:5      | Found a white marble altar of Elyvilon.
  1744 | D:6      | Noticed Prince Ribbit
  1759 | D:6      | Killed Prince Ribbit
  1984 | D:6      | Reached skill level 8 in Unarmed Combat
  2002 | D:6      | Found a shadowy altar of Dithmenos.
  2008 | D:6      | Became a worshipper of Dithmenos the Shadowed
  2008 | D:6      | Reached * piety under Dithmenos
  2008 | D:6      | Reached ** piety under Dithmenos
  2013 | D:6      | Reached skill level 5 in Fighting
  2053 | D:6      | Noticed Eustachio
  2072 | D:6      | Killed Eustachio
  2072 | D:6      | Reached skill level 5 in Dodging
  2359 | D:6      | Found Naujuik's Magic Scroll Boutique.
  2367 | D:6      | Bought a scroll of blinking for 82 gold pieces
  2367 | D:6      | Bought a scroll of teleportation for 33 gold pieces
  2367 | D:6      | Bought a scroll of magic mapping for 38 gold pieces
  2423 | D:6      | Noticed Grinder
  2437 | D:6      | Killed Grinder
  2437 | D:6      | Reached skill level 9 in Unarmed Combat
  2437 | D:6      | Reached XP level 9. HP: 88/88 MP: 8/8
  2479 | D:6      | Found a blossoming altar of Fedhas.
  2835 | D:7      | Reached skill level 10 in Unarmed Combat
  2987 | D:7      | Found a staircase to the Ecumenical Temple.
  3096 | D:8      | Reached *** piety under Dithmenos
  3125 | D:8      | Found a runed door.
  3125 | D:8      | Noticed a sixfirhy
  3221 | D:8      | Noticed Erica
  3252 | D:8      | Killed Erica
  3252 | D:8      | Reached XP level 10. HP: 82/100 MP: 9/9
  3544 | D:8      | Found a bloodstained altar of Trog.
  3556 | D:8      | Found a burning altar of Makhleb.
  3649 | D:9      | Found a flagged portal.
  3676 | Bailey   | Entered a bailey
  3929 | Bailey   | Noticed an orc knight
  3941 | Bailey   | Killed an orc knight
  3941 | Bailey   | Reached skill level 11 in Unarmed Combat
  4129 | D:9      | Noticed Joseph
  4139 | D:9      | Killed Joseph
  4212 | D:9      | Found a shimmering altar of Xom.
  4307 | D:9      | Found a basalt altar of Yredelemnul.
  4336 | D:10     | Entered Level 10 of the Dungeon
  4518 | D:10     | Reached **** piety under Dithmenos
  4533 | D:10     | Reached skill level 12 in Unarmed Combat
  4803 | D:7      | Found a hide-covered altar of Uskayaw.
  4934 | D:10     | Reached XP level 11. HP: 100/109 MP: 10/10
  5420 | D:10     | Noticed a hill giant
  5427 | D:10     | Killed a hill giant
  5745 | D:11     | Found a staircase to the Lair.
  5874 | D:11     | Noticed a five-headed hydra
  5900 | D:11     | Killed a five-headed hydra
  5900 | D:11     | Reached skill level 13 in Unarmed Combat
  6130 | Lair:1   | Entered Level 1 of the Lair of Beasts
  6195 | Lair:2   | Found a frozen archway.
  6204 | IceCv    | Entered an ice cave
  6214 | IceCv    | Reached ***** piety under Dithmenos
  6640 | IceCv    | Reached XP level 12. HP: 75/122 MP: 11/11
  6652 | IceCv    | Reached skill level 14 in Unarmed Combat
  6773 | IceCv    | Noticed a frost giant
  6789 | IceCv    | Killed a frost giant
  7559 | Lair:3   | Noticed a seven-headed hydra
  7582 | Lair:3   | Killed a seven-headed hydra
  7582 | Lair:3   | Reached skill level 1 in Armour
  7701 | Lair:2   | Noticed p0werm0de's ghost (journeyman DsWr)
  7711 | Lair:2   | Noticed a six-headed hydra
  7727 | Lair:2   | Killed p0werm0de's ghost
  7730 | Lair:2   | Killed a seven-headed hydra
  8380 | Lair:3   | Noticed Gastronok
  8395 | Lair:3   | Killed Gastronok
  8395 | Lair:3   | Reached skill level 15 in Unarmed Combat
  8555 | Lair:3   | Got a scorched lead amulet
  8556 | Lair:3   | Gained mutation: You have supernaturally acute eyesight. (SInv) [potion of beneficial mutation]
  8732 | Lair:4   | Noticed a six-headed hydra
  8942 | Lair:4   | Found a staircase to the Snake Pit.
  8997 | Lair:4   | Reached skill level 1 in Evocations
  9105 | Lair:4   | Lost mutation: You have supernaturally acute eyesight. (SInv) [potion of mutation]
  9105 | Lair:4   | Gained mutation: You evolve. [potion of mutation]
  9105 | Lair:4   | Gained mutation: Your spells are a little easier to cast, but a little less powerful. [potion of mutation]
  9109 | Lair:4   | Reached skill level 1 in Invocations
  9109 | Lair:4   | Reached XP level 13. HP: 131/131 MP: 12/12
  9119 | Lair:4   | Learned a level 2 spell: Passwall
  9308 | Lair:4   | Reached ****** piety under Dithmenos
  9349 | Lair:4   | Found a staircase to the Swamp.
  9416 | Lair:5   | Noticed Snorg
  9423 | Lair:5   | Killed Snorg
 10129 | Lair:6   | Entered Level 6 of the Lair of Beasts
 10155 | Lair:6   | Identified the amulet "Zyicem Qusai" {Faith rElec MP-9 Int+5} (You found it on level 3 of the Lair of Beasts)
 10281 | Lair:6   | Reached skill level 5 in Invocations
 10359 | Lair:6   | Found a staircase to the Slime Pits.
 10708 | Lair:6   | Got a sparkling jade amulet
 10732 | Lair:6   | Identified the amulet of Hukkes {Gourm rPois Int+9 Dex-3 SInv} (You found it on level 6 of the Lair of Beasts)
 10863 | Swamp:1  | Entered Level 1 of the Swamp
 10903 | Swamp:1  | Reached skill level 5 in Armour
 10991 | Swamp:1  | Noticed Nikola
 10995 | Swamp:1  | Lost mutation: You evolve. [potion of cure mutation]
 10995 | Swamp:1  | Lost mutation: Your spells are a little easier to cast, but a little less powerful. [potion of cure mutation]
 10997 | Swamp:1  | Gained mutation: Your spells are a little easier to cast, but a little less powerful. [potion of mutation]
 10997 | Swamp:1  | Gained mutation: You are weak. (Str -2) [potion of mutation]
 10997 | Swamp:1  | Gained mutation: You possess an exceptional clarity of mind. [potion of mutation]
 11020 | Swamp:1  | Killed Nikola
 11423 | Swamp:2  | Noticed a thorn hunter
 11480 | Swamp:2  | HP: 7/196 [vampire mosquito (3)]
 11481 | Swamp:2  | Killed from afar by a thorn hunter

Vault maps used:
D:1:      ldierk_water_garden
D:2:      nicolae_qazlal_style_of_elements, kennysheep_generic_room_5,
          uniq_sigmund
D:3:      first_bread
D:4:      kennysheep_generic_room_12
D:5:      kennysheep_little_box, lemuel_coloured_pillars_altar, basic_altar,
          uniq_blork_the_orc
D:6:      grunt_dithmenos_smoke, fedhas_altar_1, serial_shops,
          nicolae_shop_temple_entry_statues_fountains, uniq_prince_ribbit1,
          uniq_eustachio, uniq_grinder
D:7:      nicolae_overflow_crystal_walls, minmay_misc_feat_ornament,
          grunt_livestock
D:8:      cheibrodos_shockbox, amethyst_overflow_temple_binary,
          minmay_misc_feat_roman, uniq_erica
D:9:      lemuel_doored_altar, brannock_xom_greatest_gift, enter_bailey_2,
          uniq_joseph
D:10:     kennysheep_windowed_goal
D:11:     lair_0_dummy
Lair:1:   grunt_megastairs_4
Lair:2:   portal_ice_cave_entry_pillars_1, grunt_megastairs_5,
          serial_bayou_shore_a
Lair:3:   grunt_megastairs_3, infiniplex_staircase_pool_2, uniq_gastronok
Lair:4:   minmay_swamp_entry_worms, guppyfry_snake_entry_garden
Lair:5:   serial_bayou_shore_b, uniq_snorg
Lair:6:   grunt_lair_end_beastmaster, minmay_slime_entry_oklob_enclosed
Swamp:1:  evilmike_swamp_ruin_rubble_1, uniq_nikola
Swamp:2:  nicolae_swamp_fairy_circle
Bailey:   bailey_polearm_1, bailey
IceCv:    ice_cave_small_giant

Skill      XL: |  1  2  3  4  5  6  7  8  9 10 11 12 13 |
---------------+----------------------------------------+-----
Fighting       | 3 4 5 6 7 8 9 |  9.3
Dodging        | 3 4 5 6 7 8 9 |  9.2
Unarmed Combat | 4 5 6 7 9 10 12 13 15 | 15.9
Armour         | 4 5 |  5.7
Evocations     | 1 |  1.0
Invocations    | 1 7 |  7.0
Stealth        | |  1.2

Action                   |  1- 3 |  4- 6 |  7- 9 | 10-12 | 13-15 || total
-------------------------+-------+-------+-------+-------+-------++-------
Melee: Unarmed           |    38 |    93 |   225 |   577 |   312 ||  1245
       Punch             |       |     2 |    14 |    43 |    40 ||    99
Evoke: Wand              |       |       |     1 |    13 |       ||    14
       Box of beasts     |       |       |       |     5 |       ||     5
  Use: Scroll            |       |       |     5 |    17 |     4 ||    26
       Potion            |       |       |       |     9 |    15 ||    24
 Stab: Sleeping          |       |     1 |     2 |    17 |     1 ||    21
       Distracted        |       |       |       |     2 |       ||     2
       Petrified         |       |       |       |       |    11 ||    11
  Eat: Chunk             |     5 |    10 |    20 |    54 |    21 ||   110
Armor: Robe              |    13 |    22 |    49 |    20 |       ||   104
       Steam dragon scal |       |       |       |   174 |    65 ||   239
       Skin              |       |       |       |    26 |    86 ||   112
Dodge: Dodged            |    15 |    49 |   140 |   520 |   177 ||   901
